 Dungeon Crawl Stone Soup version 0.19.4-9-g45fd643 (webtiles) character file.

172 empire the Slasher (level 5, -9/40 HPs)
             Began as a Demonspawn Gladiator on Feb 20, 2017.
             Killed from afar by Ijyb (20 damage)
             ... with a wand of lightning
             ... on level 3 of the Dungeon on Feb 21, 2017.
             The game lasted 00:06:52 (2778 turns).

empire the Slasher (Demonspawn Gladiator)           Turns: 2778, Time: 00:06:52

Health: -9/40      AC:  4    Str: 14 (15) XL:     5   Next: 27%
Magic:  5/5        EV: 13    Int:  8 (9)  God:
Gold:   84         SH:  0    Dex: 14 (15) Spells: 0 memorised, 4 levels left

rFire  . . .     SeeInvis .     a - +0 long sword
rCold  + . .     Gourm    .     b - +0 leather armour
rNeg   . . .     Faith    .     (no shield)
rPois  .         Spirit   .     (helmet restricted)
rElec  .         Reflect  .     (no cloak)
rCorr  .         Harm     .     (no gloves)
MR     .....                    (no boots)
Stlth  +.........               (no amulet)
                                (no ring)
                                p - +1 ring of protection

@: no status effects
A: antennae 1, cold resistance 1
a: no special abilities


You were on level 3 of the Dungeon.
You were hungry.

You visited 1 branch of the dungeon, and saw 3 of its levels.

You collected 84 gold pieces.

Inventory:

Hand Weapons
 a - a +0 long sword (weapon)
Missiles
 d - 3 throwing nets (quivered)
Armour
 b - a +0 leather armour (worn)
 c - a +1 helmet
 e - a +0 ring mail
 n - a +0 hat
 q - a +0 chain mail
Jewellery
 p - a +1 ring of protection (left hand)
Scrolls
 h - 4 scrolls of remove curse
 j - a scroll of noise {unknown}
 l - a scroll of teleportation
 r - a scroll of blinking {unknown}
 u - a scroll of immolation {unknown}
 x - a scroll of identify {unknown}
 y - a scroll of fear
Potions
 k - 2 potions of degeneration
 t - a potion of beneficial mutation {unknown}
 v - a potion of resistance {unknown}
 w - a potion of heal wounds {unknown}
 A - a potion of magic {unknown}
Comestibles
 f - 3 bread rations
 g - a fruit
 i - 3 meat rations
 o - 5 chunks of flesh
 z - a royal jelly


   Skills:
 + Level 2.8 Fighting
 + Level 3.6 Long Blades
 + Level 2.4 Throwing
 + Level 2.0 Armour
 + Level 3.3 Dodging


You had 4 spell levels left.
You didn't know any spells.

Dungeon Overview and Level Annotations

Branches:
Dungeon (3/15)

Altars:
Trog

Annotations:
D:3 Ijyb, Sigmund


Innate Abilities, Weirdness & Mutations

You have a pair of small antennae on your head.
Your flesh is cold resistant. (rC+)


Message History

You barely miss the orc.
The orc is lightly wounded.
You hit the orc.
The orc is heavily wounded.
The orc barely misses you.
You riposte.
You hit the orc but do no damage.
The orc is lightly wounded.
The orc hits you with a mace.
You slash the orc!
You kill the orc!
The orc hits you but does no damage.
The goblin shoots a stone.
The stone hits you but does no damage.
You closely miss the orc.
The orc is lightly wounded.
The orc hits you with a flail.
* * * LOW HITPOINT WARNING * * *
The goblin shoots a stone.
The stone barely misses you.
The goblin shoots a stone.
The stone misses you.
Ijyb zaps a wand.
The bolt of lightning hits you!
Ouch! That really hurt!
You die...

#..####### #.........
## #.g....... + #.
#......... +. #.
#...g..... +.. ##.
#......... #≈≈.####..
#g†#########≈≈..(....
#g.#...#..≈≈≈####....
#.g)@..'.(≈≈≈..<..†..
####o(.#..≈≈##.##....
#####. ≈ #. ##...
#.####.. .........
##.####.# #. ...# #.
###.# ###...


You could see Ijyb, an orc and 2 goblins.

Vanquished Creatures
  A crimson imp (D:3)
  An orc priest (D:3)
  A gnoll (D:3)
  2 adders (D:2)
  An ooze (D:2)
  A worm (D:2)
  2 dart slugs (D:2)
  4 leopard geckos
  6 orcs (D:3)
  A ball python (D:2)
  5 giant cockroaches
  5 goblins
  11 hobgoblins
  2 jackals (D:3)
  A quokka (D:2)
  5 bats
  3 frilled lizards
  4 kobolds (D:1)
  6 rats
62 creatures vanquished.

Notes
Turn   | Place    | Note
-------+----------+-------------------------------------------
     0 | D:1      | empire the Demonspawn Gladiator began the quest for the Orb.
     0 | D:1      | Reached XP level 1. HP: 16/16 MP: 1/1
   175 | D:1      | Gained mutation: Your flesh is cold resistant. (rC+) [demonic ancestry]
   175 | D:1      | Reached XP level 2. HP: 19/22 MP: 2/2
   270 | D:1      | Reached skill level 1 in Armour
   273 | D:1      | HP: 1/22 [something (1)]
   836 | D:2      | Reached XP level 3. HP: 26/28 MP: 3/3
  1655 | D:2      | Reached XP level 4. HP: 26/34 MP: 4/4
  1895 | D:2      | Found a bloodstained altar of Trog.
  2192 | D:3      | Noticed Sigmund
  2768 | D:3      | Gained mutation: You have a pair of small antennae on your head. [demonic ancestry]
  2768 | D:3      | Reached XP level 5. HP: 18/39 MP: 5/5
  2771 | D:3      | Noticed Ijyb
  2778 | D:3      | Killed from afar by Ijyb

Skill      XL: |  1  2  3  4  5 |
---------------+----------------+-----
Armour         | 1 2 |  2.0
Long Blades    | 3 |  3.6
Throwing       | 2 |  2.4
Dodging        | 3 |  3.3
Fighting       | |  2.8

Action                   |  1- 3 |  4- 6 || total
-------------------------+-------+-------++-------
Melee: Long sword        |   119 |    61 ||   180
  Use: Potion            |       |     5 ||     5
       Scroll            |       |     4 ||     4
  Eat: Chunk             |     2 |     3 ||     5
       Fruit             |       |     1 ||     1
Armor: Leather armour    |    35 |    30 ||    65
Dodge: Dodged            |    93 |    50 ||   143
       Rpst.: Long sword |    37 |    16 ||    53
